 Dungeon Crawl Stone Soup version 0.19.5 (webtiles) character file.

47 ivers0n the Skirmisher (level 3, -2/29 HPs)
             Began as a Demonspawn Abyssal Knight on Mar 28, 2017.
             Was a Follower of Lugonu.
             Succumbed to kobold's curare-tipped needle
             ... on level 3 of the Dungeon.
             The game lasted 00:17:43 (1566 turns).

ivers0n the Skirmisher (Demonspawn Abyssal Knight)  Turns: 1566, Time: 00:17:44

Health: -2/29      AC:  3    Str: 13    XL:     3   Next: 48%
Magic:  0/5        EV: 12    Int: 13    God:    Lugonu [*.....]
Gold:   31         SH:  0    Dex: 12    Spells: 0 memorised, 2 levels left

rFire  . . .     SeeInvis .     a - +2 spear
rCold  . . .     Gourm    .     b - +0 leather armour
rNeg   . . .     Faith    .     (no shield)
rPois  .         Spirit   +     (helmet restricted)
rElec  .         Reflect  .     (no cloak)
rCorr  .         Harm     .     (no gloves)
MR     .....                    (no boots)
Stlth  +.........               (no amulet)
                                (no ring)
                                i - +1 ring of evasion

@: lethally poisoned (-2 -> -35), slowed, very slow
A: horns 1, magic shield
a: Depart the Abyss, Renounce Religion


You were on level 3 of the Dungeon.
You worshipped Lugonu.
Lugonu was aware of your devotion.
You were not hungry.

You visited 1 branch of the dungeon, and saw 3 of its levels.
You visited the Abyss 1 time.

You collected 31 gold pieces.

Inventory:

Hand Weapons
 a - a +2 spear (weapon)
 d - a +0 trident
 f - a +0 short sword of venom
 h - a +0 spear
 u - a +0 short sword
 v - a +0 dagger
Missiles
 e - 49 stones
 m - 18 sling bullets
 o - 9 arrows
 p - 11 poisoned needles
 t - 3 javelins (quivered)
Armour
 b - a +0 leather armour (worn)
 l - a +0 helmet
 w - a +2 ring mail of cold resistance
Jewellery
 i - a +1 ring of evasion (left hand)
Wands
 r - a wand of random effects (32/48)
Scrolls
 g - a scroll of enchant weapon
 k - a scroll of amnesia
 n - a scroll of remove curse {unknown}
 q - a scroll of noise
Potions
 j - 2 potions of lignification
 s - a potion of magic {unknown}
Comestibles
 c - a bread ration


   Skills:
 - Level 3.0 Fighting
 + Level 2.6 Polearms
 + Level 0.1 Throwing
 + Level 2.4 Armour
 + Level 1.2 Dodging
 + Level 2.8 Invocations


You had 2 spell levels left.
You didn't know any spells.

Dungeon Overview and Level Annotations

Branches:
Dungeon (3/15)

Altars:
Qazlal
Xom


Innate Abilities, Weirdness & Mutations

You have a pair of small horns on your head.
When hurt, damage is shared between your health and your magic reserves.


Message History

You have difficulty breathing.
* * * LOW HITPOINT WARNING * * *
You feel as though you will be slow longer.
* * * LOW HITPOINT WARNING * * *
You feel very sick.
A worker ant comes into view.
* * * LOW HITPOINT WARNING * * *
You feel sick.
The worker ant twitches its antennae in your direction.
The kobold shoots a curare-tipped needle.
The curare-tipped needle hits you.
You are more poisoned.
You have difficulty breathing.
* * * LOW HITPOINT WARNING * * *
You feel as though you will be slow longer.
There is a stone staircase leading down here.
You see here a curare-tipped needle.
You don't know any spells.
You can't go up here!
You die...

....... .......
.......# .......#
.......# .......#
## #...###
...###...@.##
............#####
)...........†...#
...K...(...####.#
.....(###### #.#
(...a. #.# ...##
#.# .. #<#### .
#....#


You could see a worker ant and a kobold.

Vanquished Creatures
  2 adders
  2 leopard geckos
  3 giant cockroaches (D:1)
  6 hobgoblins
  5 bats
  2 goblins
  3 kobolds
  4 rats
  A butterfly (D:2)
28 creatures vanquished.

Notes
Turn   | Place    | Note
-------+----------+-------------------------------------------
     0 | Abyss:1  | ivers0n the Demonspawn Abyssal Knight began the quest for the Orb.
     0 | Abyss:1  | Reached XP level 1. HP: 18/18 MP: 2/2
     0 | D:1      | Escaped the Abyss
   294 | D:1      | Reached * piety under Lugonu
   294 | D:1      | Gained mutation: When hurt, damage is shared between your health and your magic reserves. [demonic ancestry]
   294 | D:1      | Reached XP level 2. HP: 14/24 MP: 4/4
   343 | D:1      | Reached skill level 1 in Dodging
   855 | D:2      | Gained mutation: You have a pair of small horns on your head. [demonic ancestry]
   855 | D:2      | Reached XP level 3. HP: 7/29 MP: 1/5
   860 | D:2      | Found a stormy altar of Qazlal.
  1005 | D:2      | Found a shimmering altar of Xom.
  1566 | D:3      | Succumbed to kobold's curare-tipped needle

Skill      XL: |  1  2 |
---------------+-------+-----
Armour         | 2 |  2.4
Polearms       | 2 |  2.6
Dodging        | 1 |  1.2
Fighting       | |  3.0
Throwing       | |  0.1
Invocations    | |  2.8

Action                   || total
-------------------------++-------
Melee: Spear             ||   119
       Headbutt          ||     2
Throw: Stone             ||     3
       Javelin           ||     5
Invok: Depart the Abyss  ||     1
  Use: Scroll            ||     4
       Potion            ||     1
  Eat: Bread ration      ||     1
Armor: Leather armour    ||    38
Dodge: Dodged            ||    61
